[ PARTIDA AOE2 · #485507025 ]
Team RMCumanos vs Armenians
[ ANÁLISIS DE REPETICIÓN · EXTRAÍDO DE LA PARTIDA GRABADA ]
Feudal
—
Castillos
—
Imperial
—
| APM promedio | 55.6 |
| APM pico | 47 |
| eAPM promedio | 30.7 |
| Aldeanos / militares | 5 / 0 |
Foco
⚔️ 0.0% · 🌾 100.0%
Feudal
—
Castillos
—
Imperial
—
| APM promedio | 28.4 |
| APM pico | 24 |
| eAPM promedio | 18.9 |
| Aldeanos / militares | 4 / 0 |
Foco
⚔️ 0.0% · 🌾 100.0%
Feudal
—
Castillos
—
Imperial
—
| APM promedio | 18.9 |
| APM pico | 16 |
| eAPM promedio | 8.3 |
| Aldeanos / militares | 1 / 0 |
Foco
⚔️ 0.0% · 🌾 100.0%
Feudal
—
Castillos
—
Imperial
—
| APM promedio | 69.8 |
| APM pico | 59 |
| eAPM promedio | 42.6 |
| Aldeanos / militares | 7 / 0 |
Foco
⚔️ 5.9% · 🌾 94.1%
Feudal
—
Castillos
—
Imperial
—
| APM promedio | 34.3 |
| APM pico | 29 |
| eAPM promedio | 28.4 |
| Aldeanos / militares | 12 / 0 |
Foco
⚔️ 30.8% · 🌾 69.2%
Feudal
—
Castillos
—
Imperial
—
| APM promedio | 48.5 |
| APM pico | 41 |
| eAPM promedio | 20.1 |
| Aldeanos / militares | 5 / 0 |
Foco
⚔️ 0.0% · 🌾 100.0%
Mapa de la partida
Recursos iniciales + cada clic de construcción. Líneas = muros · curvas = relieve. ◆ oro · ⬟ piedra · ● bayas · ✦ reliquia · ◌ hueco del cierre
Tu base
Base de andy
Base de alexisxsegura
Base de facu17a
Base de Weak Foe Ahead
Base de Boar8790
Terreno inicial suavizado · ◌ = hueco del cierre detectado · pasá el cursor para detalles
Inputs por minuto
— Suricat - - andy
Build order — Suricat
7 acciones detectadas en el replay
| 0:02 | Crear | Villager (Male) |
| 0:02 | Crear | Villager (Male) |
| 0:02 | Crear | Villager (Male) |
| 0:03 | Crear | Villager (Male) |
| 0:04 | Crear | Villager (Male) |
| 0:07 | Construir | House |
| 0:09 | Construir | House |
Build order — andy
8 acciones detectadas en el replay
| 0:04 | Construir | House |
| 0:05 | Construir | House |
| 0:09 | Construir | House |
| 0:10 | Construir | House |
| 0:12 | Crear | Villager (Male) |
| 0:13 | Crear | Villager (Male) |
| 0:13 | Crear | Villager (Male) |
| 0:14 | Crear | Villager (Male) |
Build order — alexisxsegura
3 acciones detectadas en el replay
| 0:07 | Construir | House |
| 0:08 | Construir | House |
| 0:10 | Crear | Villager (Male) |
Build order — facu17a
11 acciones detectadas en el replay
| 0:03 | Crear | Villager (Male) |
| 0:03 | Crear | Villager (Male) |
| 0:03 | Crear | Villager (Male) |
| 0:04 | Crear | Villager (Male) |
| 0:04 | Crear | Villager (Male) |
| 0:04 | Crear | Villager (Male) |
| 0:06 | Crear | Villager (Male) |
| 0:07 | Construir | House |
| 0:10 | Construir | House |
| 0:12 | Construir | House |
| 0:15 | Construir | House |
Build order — Weak Foe Ahead
9 acciones detectadas en el replay
| 0:02 | Crear | Villager (Male) ×4 |
| 0:02 | Crear | Villager (Male) ×4 |
| 0:04 | Construir | House |
| 0:05 | Construir | House |
| 0:10 | Construir | House |
| 0:11 | Construir | House |
| 0:14 | Crear | Villager (Male) |
| 0:14 | Crear | Villager (Male) ×2 |
| 0:15 | Crear | Villager (Male) |
Build order — Boar8790
9 acciones detectadas en el replay
| 0:02 | Crear | Villager (Male) |
| 0:02 | Crear | Villager (Male) |
| 0:02 | Crear | Villager (Male) |
| 0:03 | Crear | Villager (Male) |
| 0:04 | Crear | Villager (Male) |
| 0:07 | Construir | House |
| 0:09 | Construir | House |
| 0:15 | Construir | House |
| 0:18 | Construir | House |
Cronología de la partida
| 0:17 | alexisxsegura · resign |
[ ANÁLISIS IA · 1 CRÉDITO ]
¿Qué pasó realmente en esta partida?
Wolo.gg analiza cada decisión: build order, eco, micro, errores típicos por bracket. Análisis personalizado por WhatsApp o Discord en 30 segundos.
Guía civ
Cumanos
Guía mapa
Budapest
Perfil
Jugador #10601252